Map: Nightshade LE

Players

Temple - Winner!

  • Race: Protoss Protoss
  • Spawn Location: 5:00

Cubanissimo

  • Race: Zerg Zerg
  • League: Bronze
  • Spawn Location: 11:00

VOD

Have the link to the VOD?

Description

Time

  • Played on: March 20, 2020, 10:24 p.m.
  • Length: 12:12
Show
View Real Time Build Order
Export as new Build Order

Temple Protoss - Winner!

Build Orders: Double Forge 

Get SALT Encoding   

  12  0:01  Probe  
  13  0:13  Probe  
  14  0:20  Pylon  
  14  0:25  Probe  
  15  0:38  Probe (Chrono Boost)  
  15  0:40  Gateway  
  17  0:51  Probe (Chrono Boost)  
  17  0:56  Probe (Chrono Boost)  
  18  1:07  Probe  
  19  1:13  Assimilator  
  19  1:17  Assimilator  
  19  1:18  Pylon  
  19  1:21  Probe  
  20  1:34  Probe  
  21  1:46  Probe  
  22  1:48  Cybernetics Core  
  22  1:49  Zealot  
  24  1:59  Pylon  
  24  2:02  Probe  
  25  2:14  Probe  
  25  2:32  Probe  
  26  2:49  Probe  
  26  3:08  Stalker  
  28  3:23  Probe (Chrono Boost)  
  29  3:27  Warp Gate  
  29  3:33  Probe (Chrono Boost)  
  30  3:34  Gateway  
  30  3:38  Probe (Chrono Boost)  
  31  3:41  Forge  
  31  3:45  Stalker (Chrono Boost)  
  33  3:49  Probe  
  34  3:58  Nexus  
  34  4:02  Pylon  
  34  4:05  Pylon  
  34  4:12  Stalker (Chrono Boost)  
  34  4:13  Probe  
  34  4:14  Protoss Ground Weapons Level 1 (Chrono Boost)  
  37  4:22  Sentry  
  39  4:25  Probe  
  40  4:39  Probe  
  40  4:45  Sentry  
  43  4:53  Forge  
  43  4:58  Photon Cannon  
  43  4:59  Probe  
  44  5:09  Gateway  
  44  5:11  Gateway  
  44  5:13  Probe  
  45  5:15  Pylon  
  45  5:26  Photon Cannon  
  45  5:31  Probe x2  
  47  5:37  Assimilator  
  47  5:40  Assimilator  
  47  5:43  Probe  
  48  5:57  Stalker x2  
  52  6:09  Stalker, Zealot  
  53  6:24  Stalker x2  
  53  6:38  Probe (Chrono Boost)  
  53  6:44  Probe (Chrono Boost)  
  53  6:47  Photon Cannon  
  53  6:49  Probe (Chrono Boost)  
  53  6:53  Probe (Chrono Boost)  
  53  6:54  Protoss Ground Armor Level 1, Probe (Chrono Boost)  
  55  7:00  Stargate  
  56  7:02  Stargate  
  56  7:03  Probe  
  56  7:05  Probe  
  58  7:12  Pylon  
  58  7:14  Stalker, Zealot  
  58  7:15  Probe, Sentry  
  65  7:17  Probe  
  66  7:26  Pylon  
  66  7:27  Probe  
  66  7:29  Probe  
  68  7:39  Probe  
  69  7:55  Probe x2  
  69  7:57  Stalker  
  69  7:58  Stalker  
  75  7:59  Stalker x2  
  79  8:05  Phoenix  
  79  8:10  Probe x2  
  83  8:17  Photon Cannon  
  83  8:29  Phoenix (Chrono Boost)  
  83  8:30  Phoenix (Chrono Boost)  
  83  8:31  Photon Cannon  
  87  8:34  Photon Cannon  
  87  8:38  Sentry  
  87  8:39  Zealot x2  
  93  9:01  Pylon  
  93  9:02  Pylon  
  93  9:19  Phoenix (Chrono Boost)  
  93  9:20  Phoenix (Chrono Boost)  
  93  9:23  Protoss Air Weapons Level 1 (Chrono Boost)  
  97  9:38  Phoenix (Chrono Boost)  
  99  9:41  Pylon, Phoenix (Chrono Boost)  
  99  9:42  Pylon  
  101  10:03  Nexus  
  101  10:05  Pylon  
  101  10:13  Phoenix x2 (Chrono Boost)  
  105  10:23  Twilight Council  
  105  10:26  Gateway  
  101  10:28  Gateway  
  101  10:30  Gateway  
  99  10:36  Phoenix (Chrono Boost)  
  99  10:37  Phoenix (Chrono Boost)  
  103  10:43  Stalker x3  
  103  10:44  Stalker  
  111  10:56  Phoenix x2  
Show
View Real Time Build Order
Export as new Build Order

Cubanissimo Zerg 

Build Orders: Pool First 

Get SALT Encoding   

  12  0:02  Drone  
  13  0:30  Spawning Pool  
  13  0:33  Drone  
  13  0:39  Overlord  
  13  0:43  Drone  
  13  0:47  Extractor  
  13  0:49  Drone  
  14  0:55  Extractor, Drone  
  14  1:21  Queen  
  17  1:25  Zergling x4  
  18  1:42  Zergling x4  
  20  2:07  Lair  
  20  2:08  Metabolic Boost  
  20  2:17  Drone x2  
  20  2:19  Overlord  
  18  2:58  Drone  
  19  2:59  Drone x3  
  22  3:09  Overseer  
  22  3:17  Spire  
  21  3:41  Hatchery  
  20  4:05  Hydralisk Den  
  19  4:22  Drone x2  
  19  4:23  Drone x4  
  25  4:42  Overlord  
  25  5:02  Mutalisk  
  25  5:03  Mutalisk x4  
  35  5:08  Mutalisk  
  37  5:33  Queen  
  37  5:34  Drone  
  37  5:35  Drone x2  
  42  6:04  Extractor  
  41  6:07  Extractor  
  38  6:50  Overlord  
  38  6:51  Overlord x2  
  38  7:08  Overlord  
  38  7:09  Overlord x2  
  38  7:16  Zergling x10  
  43  7:23  Drone  
  43  7:24  Drone x2  
  46  8:01  Zergling x2  
  46  8:02  Zergling x10  
  52  8:18  Overlord  
  52  8:32  Mutalisk x3  
  58  8:37  Mutalisk  
  58  8:38  Mutalisk x7  
  58  8:39  Mutalisk  
  76  9:00  Overlord  
  76  9:31  Drone  
  76  9:32  Drone x4  
  81  10:09  Hatchery  
  35  10:57  Hydralisk  
  35  10:58  Hydralisk x10  
  50  11:20  Hydralisk x4  
  50  11:21  Hydralisk x4  
Tags
 
Add a new tag
Caveats
  • Supply blocks, unpowered buildings, or Contaminate may cause inaccurate times.
  • Supply counts are checked every 10 seconds.